 Dungeon Crawl Stone Soup version 0.18-a0-1788-g92de1ac (webtiles) character file.

11 macross the Scratcher (level 2, 0/12 HPs)
             Began as a Felid Transmuter on Apr 21, 2016.
             Slain by a giant cockroach (2 damage)
             ... on level 2 of the Dungeon.
             The game lasted 00:01:58 (969 turns).

macross the Scratcher (Felid Transmuter)             Turns: 969, Time: 00:01:59

Health: 0/12       AC:  1    Str:  6    XL:     2   Next: 17%
Magic:  6/6        EV: 18    Int: 14    God:
Gold:   13         SH:  0    Dex: 16    Spells: 1 memorised, 4 levels left
                                        Lives:  0   Deaths: 0

rFire  . . .     SeeInvis +       - Unarmed
rCold  . . .     Gourm    .     (armour unavailable)
rNeg   . . .     Faith    .     (shield unavailable)
rPois  .         Spirit   .     (helmet unavailable)
rElec  .         Dismiss  .     (cloak unavailable)
rCorr  .         Reflect  .     (gloves unavailable)
SustAt .         Harm     .     (boots unavailable)
MR     .....                    (no amulet)
Stlth  ++........               (no ring)
                                (no ring)

@: quick, not resistant to hostile enchantments, unstealthy
A: no armour, no weapons or thrown items, claws 1, fangs 3, see invisible,
carnivore 3, speed 1, shaggy fur 1, slow metabolism 1, sharp paws
a: no special abilities


You were on level 2 of the Dungeon.
You were very full.

You visited 1 branch of the dungeon, and saw 2 of its levels.

You collected 13 gold pieces.

Inventory:

Missiles
 a - 12 arrows
Scrolls
 d - a scroll of immolation {unknown}
Books
 b - a book of Changes

   Spells                             Type                      Level
   a - Beastly Appendage              Transmutation                1
   b - Sticks to Snakes               Transmutation                2
   c - Spider Form                    Transmutation/Poison         3
   d - Ice Form                       Ice/Transmutation            4
   e - Blade Hands                    Transmutation                5


   Skills:
 + Level 1.0 Fighting
 + Level 3.0 Dodging
 + Level 3.2 Unarmed Combat
 + Level 2.1 Spellcasting
 + Level 2.5 Transmutations


You had 4 spell levels left.
You knew the following spells:

 Your Spells              Type           Power        Failure   Level  Hunger
a - Beastly Appendage     Trmt           #.....       10%         1    #......


Dungeon Overview and Level Annotations

Branches:
Dungeon (2/15)

Altars:


Innate Abilities, Weirdness & Mutations

You cannot wear armour.
You are incapable of wielding weapons or throwing items.
You have sharp claws.
You have razor-sharp teeth.
You have supernaturally acute eyesight.
You are carnivorous and can eat meat at any time.
You cover ground quickly.
You are covered in fur (AC +1).
You have a slow metabolism.
Your sharp claws are effective at attacking unaware monsters.


Message History

An ooze comes into view.
A giant cockroach comes into view.
The ooze hits you.
You barely miss the ooze. The ooze hits you.
* * * LOW HITPOINT WARNING * * *
You scratch the ooze but do no damage. You bite the ooze.
The ooze is moderately wounded.
You scratch the ooze.
The ooze is heavily wounded.
The ooze misses you.
You scratch the ooze.
The ooze is severely wounded.
The ooze barely misses you.
You scratch the ooze.
You kill the ooze!
Your Dodging skill increases to level 3!
You have reached level 2!
Unknown command.
You closely miss the giant cockroach. The giant cockroach bites you.
You die...

##.# #. #.#
#.# #.# #
... ....#
#.###.#.
.....% #.#s#
#..@# ###.#
.# #.# ..
#.# #.##.##
#.....######
#..........#
#..........#
#..........#


You could see a giant cockroach.

Vanquished Creatures
  An ooze (D:2)
  2 hobgoblins (D:1)
  2 kobolds (D:1)
  A ball python (D:1)
  A giant newt (D:1)
  A bush (D:1)
  4 plants (D:1)
12 creatures vanquished.

Notes
Turn   | Place    | Note
--------------------------------------------------------------
     0 | D:1      | macross the Felid Transmuter began the quest for the Orb.
     0 | D:1      | Reached XP level 1. HP: 9/9 MP: 4/4
   968 | D:2      | Reached XP level 2. HP: 2/12 MP: 6/6
   969 | D:2      | Slain by a giant cockroach

Vault maps used:
D:1:      dpeg_arrival_shrine, serial_forest, infiniplex_forest_lined_room_3,
          infiniplex_forest_clump_long, infiniplex_forest_end_3,
          infiniplex_forest_3_way, infiniplex_forest_end_2,
          infiniplex_forest_clump_small, infiniplex_forest_clump_double,
          infiniplex_forest_straight_2
D:2:      serial_bayou_pond_e, minmay_surrounded, uniq_natasha

Skill      XL: |  1 |
---------------+----+-----
Dodging        | 3 |  3.0
Fighting       | |  1.0
Unarmed Combat | |  3.2
Spellcasting   | |  2.1
Transmutations | |  2.5

Action                   || total
-------------------------++-------
Melee: Unarmed           ||   407
       Bite              ||    73
       Headbutt          ||    14
       Punch             ||     8
 Cast: Beastly Appendage ||     7
  Eat: Meat ration       ||     1
Dodge: Dodged            ||    17
